 Dungeon Crawl Stone Soup version 0.21-a0-525-ga34b322 (webtiles) character file.

3 Amnesiac the Vexing (level 1, 0/15 HPs)
             Began as a Mummy Arcane Marksman on Dec 7, 2017.
             Slain by a kobold (3 damage)
             ... on level 1 of the Dungeon.
             The game lasted 00:01:45 (113 turns).

Amnesiac the Vexing (Mummy Arcane Marksman)          Turns: 113, Time: 00:01:45

Health: 0/15       AC:  2    Str: 13    XL:     1   Next: 41%
Magic:  0/3        EV:  9    Int: 12    God:
Gold:   15         SH:  6    Dex: 12    Spells: 2/3 levels left

rFire    x . .     SeeInvis .   b - +0 hunting sling (curse)
rCold    + . .     Gourm    .   f - +0 shield
rNeg     + + +     Faith    .   e - +0 robe
rPois    ∞         Spirit   .   (no helmet)
rElec    .         Reflect  .   (no cloak)
rCorr    .         Harm     .   (no gloves)
MR       .....                  (no boots)
Stlth    +.........             (no amulet)
HPRegen  0.05/turn              (no ring)
MPRegen  0.08/turn              (no ring)

@: very slightly contaminated
A: no food or potions, fire vulnerability, cold resistance 1, negative energy
resistance 3, torment resistance, unbreathing
a: no special abilities


You were on level 1 of the Dungeon.
You were not hungry.

You visited 1 branch of the dungeon, and saw 1 of its levels.

You collected 15 gold pieces.

Inventory:

Hand Weapons
 a - a +0 shortbow
 b - a cursed +0 hunting sling (weapon)
Missiles
 d - 20 arrows
Armour
 e - a +0 robe (worn)
 f - a +0 shield (worn)
Books
 c - a book of Debilitation

   Spells                             Type                      Level
   a - Corona                         Hexes                        1
   b - Slow                           Hexes                        2
   c - Inner Flame                    Hexes/Fire                   3
   d - Portal Projectile              Hexes/Translocation          3
   e - Cause Fear                     Hexes                        4
   f - Leda's Liquefaction            Hexes/Earth                  4


   Skills:
 + Level 1.0 Fighting
 * Level 1.6 Bows
 + Level 0.0 Armour
 - Level 1.5 Dodging
 * Level 1.5 Spellcasting
 + Level 2.7 Hexes


You had 2 spell levels left.
You knew the following spells:

 Your Spells              Type           Power        Failure   Level  Hunger
a - Corona                Hex            #......      54%         1    N/A

Dungeon Overview and Level Annotations

Branches:
Dungeon (1/15)

Altars:


Innate Abilities, Weirdness & Mutations

You do not eat or drink.
Your flesh is vulnerable to fire.
You are immune to poison.
Your flesh is cold resistant. (rC+)
You are immune to negative energy. (rN+++)
You are immune to unholy pain and torment.
You can survive without breathing.


Message History

Found a ring mail.
You see here a stone.
g - 4 stones (gained 1)
The bat completely misses you. The bat hits you but does no damage.
The kobold barely misses you. The bat hits you but does no damage.
You block the bat's attack.
You can't drink.
Okay, then.
Casting: Corona
Confirm with . or Enter, or press ? or * to list all spells.
Aiming: Corona
Press: ? - help, Shift-Dir - straight line, f - bat
Aim: a bat (chance to defeat MR: 59%)
You miscast Corona.
You are very lightly contaminated with residual magic.
Nothing appears to happen.
The bat barely misses you.
Casting: Corona
Confirm with . or Enter, or press ? or * to list all spells.
Aiming: Corona
Press: ? - help, Shift-Dir - straight line, f/p - bat
Aim: a bat (chance to defeat MR: 59%)
You miscast Corona.
You feel off-balance for a moment. You block the bat's attack.
Casting: Corona
Confirm with . or Enter, or press ? or * to list all spells.
You don't have enough magic to cast that spell.
Firing (i - inventory):
g - 4 stones (quivered)
Press: ? - help, Shift-Dir - straight line, f/p - bat
Aim: a bat You shoot a stone.
The stone closely misses the bat.
The stone barely misses the kobold.
The stone closely misses the frilled lizard.
You block the bat's attack.
Firing (i - inventory):
g - 3 stones (quivered)
Press: ? - help, Shift-Dir - straight line, f/p - bat
Aim: a bat You shoot a stone.
The stone barely misses the bat.
The stone closely misses the kobold.
The stone barely misses the frilled lizard.
You block the bat's attack. The bat hits you but does no damage.
Casting: Corona
Confirm with . or Enter, or press ? or * to list all spells.
You don't have enough magic to cast that spell.
Firing (i - inventory):
g - 2 stones (quivered)
Press: ? - help, Shift-Dir - straight line, f/p - bat
Aim: a bat You shoot a stone.
The stone hits the bat.
The bat is moderately wounded.
You block the bat's attack.
Firing (i - inventory):
g - a stone (quivered)
Press: ? - help, Shift-Dir - straight line, f/p - bat
Aim: a bat (moderately wounded)
You shoot a stone. The stone hits the bat.
You kill the bat!
You block the kobold's attack.
You can't unwield your weapon to draw a new one!
Okay, then.
Really attack while wielding your cursed +0 hunting sling?
You clumsily bash the kobold but do no damage.
The kobold hits you.
* * * LOW HITPOINT WARNING * * *
You clumsily bash the kobold but do no damage.
You block the kobold's attack. The kobold hits you.
You die...

##.#...#.#...........#
#..'...'.##.......#.##
#'##...#.###........#
#<.#####.# ######.###
#..# ♣.# ##.# #### ..#
#..# ♣.# #.## . ######
##.##..#
#@##.#####......#
#K##?#............
#####rK#..............
.K...Kl...K..........#.
..........#..........#
.......................
[........##.........#.#
......(...?.........#.#
...............[.....


You could see 3 kobolds, a frilled lizard and a rat.

Vanquished Creatures
  A leopard gecko (D:1)
  A bat (D:1)
  A rat (D:1)
3 creatures vanquished.

Notes
Turn   | Place    | Note
-------+----------+-------------------------------------------
     0 | D:1      | Amnesiac the Mummy Arcane Marksman began the quest for the Orb.
     0 | D:1      | Reached XP level 1. HP: 15/15 MP: 2/2
   113 | D:1      | Slain by a kobold

Vault maps used:
D:1:      sevenhm_arrival_forest_fort_small_3

Action                   || total
-------------------------++-------
Melee: Hunting sling     ||     2
 Fire: Hunting sling     ||     7
       Shortbow          ||     1
 Cast: Corona            ||     1
Armor: Robe              ||     5
Dodge: Dodged            ||    10
Block: Shield            ||    15

Table legend:
 A = Spawn XP
 B = Non-spawn XP
 C = Spawn XP percentage of total XP
 D = Spawn monster count
 E = Non-spawn monster count
 F = Spawn count percentage of total count
 G = Total turns spent on level
                    A         B        C        D         E        F      G
               +---------+---------+-------+---------+---------+-------+---------
         Total |       0 |       5 |   0.0 |       0 |       3 |   0.0 |   113
               +---------+---------+-------+---------+---------+-------+---------
           D:1 |       0 |       5 |   0.0 |       0 |       3 |   0.0 |   113
               +---------+---------+-------+---------+---------+-------+---------
